 Dungeon Crawl Stone Soup version 0.28-a0-1387-g3a22ab9bdc (webtiles) character file.

Game seed: 7817630453795418552

4929 sanka the Basher (level 10, -6/82 HPs)
             Began as a Gnoll Cinder Acolyte on Jan 2, 2022.
             Was a High Priest of Ignis.
             Mangled by a cyclops (20 damage)
             ... on level 9 of the Dungeon.
             The game lasted 00:16:17 (11633 turns).

sanka the Basher (Gnoll Cinder Acolyte)            Turns: 11633, Time: 00:16:18

Health: -6/82      AC: 17    Str: 14    XL:     10   Next: 52%
Magic:  4/19       EV: 12    Int: 17    God:    Ignis [*****.]
Gold:   362        SH:  0    Dex:  8    Spells: 19/21 levels left

rFire   + . .      SeeInvis .   a - +0 flail (protect)
rCold   . . .      Faith    .   (no shield)
rNeg    . . .      Spirit   .   F - +3 leather armour {Will+}
rPois   .          Reflect  .   B - +0 helmet
rElec   .          Harm     .   L - +0 cloak
rCorr   .          Rampage  .   (no gloves)
Will    ++...                   q - +0 pair of boots
Stlth   ++........              (no amulet)
HPRegen 0.23/turn               C - ring of wizardry
MPRegen 0.16/turn               p - ring of willpower

@: under a protective aura
A: fangs 1, strong nose, distributed training
a: Renounce Religion, Fiery Armour, Foxfire Swarm, Rising Flame


You were on level 9 of the Dungeon.
You worshipped Ignis.
Ignis was extremely pleased with you.
You visited 2 branches of the dungeon, and saw 10 of its levels.

You collected 362 gold pieces.


Innate Abilities, Weirdness & Mutations

You have very sharp teeth.
Your uncanny sense of smell can sniff out nearby items.
Your experience applies equally to all skills.


   Skills:
 + Level 8.5 Fighting
 + Level 5.3 Short Blades
 + Level 5.3 Long Blades
 + Level 5.3 Axes
 + Level 8.5 Maces & Flails
 + Level 5.3 Polearms
 + Level 5.3 Staves
 + Level 5.3 Slings
 + Level 5.3 Bows
 + Level 5.3 Crossbows
 + Level 5.3 Throwing
 + Level 5.3 Armour
 + Level 5.3 Dodging
 + Level 5.3 Stealth
 + Level 5.3 Shields
 + Level 5.3 Unarmed Combat
 + Level 6.1 Spellcasting
 + Level 4.4 Conjurations
 + Level 4.4 Hexes
 + Level 4.4 Summonings
 + Level 4.4 Necromancy
 + Level 4.4 Translocations
 + Level 4.4 Transmutations
 + Level 7.1 Fire Magic
 + Level 4.4 Ice Magic
 + Level 4.4 Air Magic
 + Level 4.4 Earth Magic
 + Level 4.4 Poison Magic
 + Level 5.9 Invocations
 + Level 5.3 Evocations


You had 19 spell levels left.
You knew the following spells:

 Your Spells              Type           Power      Damage    Failure   Level
y - Scorch                Fire           58%        2d8       1%          2

Your spell library contained the following spells:

 Spells                   Type           Power      Damage    Failure   Level
 Animate Skeleton         Necr           40%        N/A       1%          1
 Apportation              Tloc           40%        N/A       1%          1
 Summon Small Mammal      Summ           80%        N/A       1%          1

Inventory:

Hand Weapons
 a - a +0 flail of protection (weapon)
 b - the +9 dagger of Accidental Termination {antimagic, rF+}

   It reduces the magical energy of the wielder, and disrupts the spells and
   magical abilities of those it strikes.
   Natural abilities and divine invocations are not affected.
   rF:        It protects you from fire.
 v - a -1 mace of flaming
 M - a +0 scimitar of flaming
 P - a +5 great sword
Missiles
 e - 54 poisoned darts
 I - a curare-tipped dart {=f}
Armour
 q - a +0 pair of boots (worn)
 B - a +0 helmet (worn)
 F - a +3 leather armour of willpower (worn)
 L - a +0 cloak (worn)
Magical Staves
 E - a staff of air
 H - a staff of earth
 N - a staff of conjuration {!a}
Jewellery
 p - a ring of willpower (right hand)
 C - a ring of wizardry (left hand)
Wands
 u - a wand of acid (20)
 x - a wand of flame (6)
 J - a wand of iceblast (13)
Scrolls
 c - a scroll of noise {unknown}
 f - a scroll of identify {@r1}
 i - 4 scrolls of blinking
 k - a scroll of brand weapon {unknown}
 m - 3 scrolls of teleportation {@r4}
 r - 3 scrolls of vulnerability {!r}
 s - a scroll of fear {unknown}
 t - 2 scrolls of enchant armour
 w - 2 scrolls of holy word
 y - a scroll of summoning {unknown}
 z - 2 scrolls of amnesia
 D - a scroll of magic mapping {unknown}
 K - a scroll of fog
 O - a scroll of torment {unknown}
Potions
 d - 2 potions of berserk rage {!q}
 g - 3 potions of heal wounds {@q2}
 h - 3 potions of attraction {unknown}
 j - 3 potions of might {unknown}
 l - 4 potions of degeneration {unknown}
 n - 2 potions of curing {unknown}
 o - a potion of ambrosia {unknown}
 A - 3 potions of mutation {unknown}
 G - a potion of resistance {unknown}

Dungeon Overview and Level Annotations

Branches:
Dungeon (9/15)             Temple (1/1) D:6
   Lair: D:8-11         Orc: D:9-12

Altars:
Ashenzari
Cheibriados
Dithmenos
Elyvilon
Fedhas
Gozag
Hepliaklqana
Kikubaaqudgha
Makhleb
Nemelex Xobeh
Okawaru
Qazlal
Ru
Sif Muna
Trog
Uskayaw
Vehumet
Wu Jian
Xom
Yredelemnul
Zin

Shops:
D:6 [

Portals:
Abyss: D:4

Annotations:
D:4 2 transporters, RNPValinor's ghost, novice PaFi

▒▒▒▒▒ ▒.?.▒
▒£..▒ ▒▒
▒.C.▒ ..
▒▒g▒▒
▒≈▒▒≈.≈▒▒≈▒
▒≈≈≈≈.≈≈≈≈▒
▒▒▒▒..▒▒▒▒▒
▒.▒▒ ▒.▒
..▒▒▒▒▒.▒▒▒
..........▒
..▒▒▒▒▒▒▒.▒


You could see a cyclops (combustible).


Message History

The cyclops is moderately wounded.
You hit the cyclops but do no damage. You bite the cyclops, but do no damage.
The cyclops is moderately wounded.
The cyclops barely misses you.
You hit the cyclops but do no damage.
The cyclops is moderately wounded.
The cyclops hits you!
You hit the cyclops but do no damage.
The cyclops is moderately wounded.
The cyclops hits you!!
* * * LOW HITPOINT WARNING * * *
You hit the cyclops but do no damage. You bite the cyclops, but do no damage.
The cyclops is lightly wounded.
You hit the cyclops but do no damage.
The cyclops is lightly wounded.
The cyclops hits you but does no damage.
You sock the cyclops!
The cyclops is moderately wounded.
Flames lash the cyclops.
The cyclops is severely wounded.
The cyclops's fire resistance burns away.
The cyclops hits you!
* * * LOW HITPOINT WARNING * * *
Flames lash the cyclops.
The cyclops is burned terribly!
The cyclops is almost dead.
The cyclops hits you!!
You die...

Action                   |  1- 3 |  4- 6 |  7- 9 | 10-12 || total
-------------------------+-------+-------+-------+-------++-------
Melee: Mace              |    54 |       |       |       ||    54
       Bite              |     4 |     6 |    19 |     8 ||    37
       Flail             |    13 |    80 |   159 |    42 ||   294
       Punch             |       |       |     2 |     3 ||     5
       Dagger            |       |       |    25 |    13 ||    38
Throw: Dart              |     2 |       |       |       ||     2
 Cast: Scorch            |     7 |    35 |   102 |    32 ||   176
Evoke: Wand              |       |     2 |       |       ||     2
  Use: Potion            |       |     1 |       |       ||     1
       Scroll            |       |       |     7 |       ||     7
 Stab: Sleeping          |       |     1 |     2 |       ||     3
Armor: Robe              |    13 |    17 |    33 |       ||    63
       Leather armour    |       |       |    71 |    18 ||    89
Dodge: Dodged            |    40 |    42 |   144 |    24 ||   250

Levels and vault maps discovered:
D:1:      minmay_arrival_cross, layout_loops_ring
D:2:      layout_loops_cross, hellmonk_ecumenical_altar_leap_of_faith
D:3:      layout_rooms, nicolae_ru_great_annihilating_truth,
          kennysheep_another_room
D:4:      layout_loops_cross, chequers_temple_overflow_minitemple,
          gammafunk_ghost_abyssal_escape, uniq_edmund
D:5:      layout_rooms
D:6:      layout_loops_ring, mainiacjoe_overflow_brackets, chei_slow_surprise,
          minmay_temple_entry_proselytizer, serial_shops, shop_statue,
          corexii_corridor_pit, minmay_misc_feat_more_columns, uniq_eustachio
D:7:      layout_gridville, grunt_temple_overflow_forces_of_nature
D:8:      layout_cave_pools, serial_glass, glass_columns_a, glass_columns_a,
          glass_columns_b, glass_columns_c, glass_columns_a,
          nicolae_elevator_lobby_asterisk, uniq_pikel, uniq_maurice, uniq_erica,
          uniq_grum
D:9:      kennysheep_spiral_hall, layout_basic, old_standard_altar,
          dpeg_oklobed_lair, minmay_misc_feat_rugged, lightli_minifort
Temple:   nicolae_temple_figure_eight

Notes
Turn   | Place    | Note
-------+----------+-------------------------------------------
     0 | D:1      | sanka the Gnoll Cinder Acolyte began the quest for the Orb.
     0 | D:1      | Reached XP level 1. HP: 23/23 MP: 4/4
   278 | D:1      | Reached XP level 2. HP: 23/29 MP: 5/5
   956 | D:2      | Learned a level 2 spell: Scorch
  1397 | D:2      | Reached XP level 3. HP: 19/35 MP: 1/7
  1538 | D:2      | Reached skill level 1 in Invocations
  1547 | D:2      | Reached skill level 1 in Short Blades
  1547 | D:2      | Reached skill level 1 in Long Blades
  1547 | D:2      | Reached skill level 1 in Axes
  1547 | D:2      | Reached skill level 1 in Polearms
  1547 | D:2      | Reached skill level 1 in Staves
  1547 | D:2      | Reached skill level 1 in Slings
  1547 | D:2      | Reached skill level 1 in Bows
  1547 | D:2      | Reached skill level 1 in Crossbows
  1547 | D:2      | Reached skill level 1 in Throwing
  1547 | D:2      | Reached skill level 1 in Armour
  1547 | D:2      | Reached skill level 1 in Dodging
  1547 | D:2      | Reached skill level 1 in Stealth
  1547 | D:2      | Reached skill level 1 in Shields
  1547 | D:2      | Reached skill level 1 in Unarmed Combat
  1547 | D:2      | Reached skill level 1 in Evocations
  1982 | D:2      | Reached XP level 4. HP: 41/41 MP: 8/8
  2062 | D:2      | Found a faded altar of an unknown god.
  2342 | D:2      | Reached skill level 3 in Spellcasting
  2623 | D:3      | Reached skill level 1 in Conjurations
  2623 | D:3      | Reached skill level 1 in Hexes
  2623 | D:3      | Reached skill level 1 in Summonings
  2623 | D:3      | Reached skill level 1 in Necromancy
  2623 | D:3      | Reached skill level 1 in Translocations
  2623 | D:3      | Reached skill level 1 in Transmutations
  2623 | D:3      | Reached skill level 1 in Ice Magic
  2623 | D:3      | Reached skill level 1 in Air Magic
  2623 | D:3      | Reached skill level 1 in Earth Magic
  2623 | D:3      | Reached skill level 1 in Poison Magic
  2770 | D:3      | Found a sacrificial altar of Ru.
  2779 | D:3      | Reached XP level 5. HP: 42/47 MP: 0/9
  3369 | D:4      | Noticed Edmund
  3752 | D:4      | Reached skill level 2 in Invocations
  3752 | D:4      | Reached XP level 6. HP: 47/53 MP: 1/10
  4027 | D:4      | Found a sparkling altar of Nemelex Xobeh.
  4027 | D:4      | Found a glowing silver altar of Zin.
  4035 | D:4      | Found a shadowy altar of Dithmenos.
  4065 | D:4      | Found a faded altar of an unknown god.
  4067 | D:4      | Found a faded altar of an unknown god.
  4115 | D:4      | Noticed RNPValinor's ghost (novice PaFi)
  4117 | D:4      | Found a transporter.
  4120 | D:4      | Found a one-way gate to the infinite horrors of the Abyss.
  4320 | D:4      | Found a transporter.
  4606 | D:4      | Reached skill level 2 in Short Blades
  4606 | D:4      | Reached skill level 2 in Long Blades
  4606 | D:4      | Reached skill level 2 in Axes
  4606 | D:4      | Reached skill level 2 in Polearms
  4606 | D:4      | Reached skill level 2 in Staves
  4606 | D:4      | Reached skill level 2 in Slings
  4606 | D:4      | Reached skill level 2 in Bows
  4606 | D:4      | Reached skill level 2 in Crossbows
  4606 | D:4      | Reached skill level 2 in Throwing
  4606 | D:4      | Reached skill level 2 in Armour
  4606 | D:4      | Reached skill level 2 in Dodging
  4606 | D:4      | Reached skill level 2 in Stealth
  4606 | D:4      | Reached skill level 2 in Shields
  4606 | D:4      | Reached skill level 2 in Unarmed Combat
  4606 | D:4      | Reached skill level 2 in Evocations
  4928 | D:3      | Found a sacrificial altar of Ru.
  5164 | D:3      | Killed Edmund
  5165 | D:3      | Reached XP level 7. HP: 44/59 MP: 3/12
  5337 | D:5      | Entered Level 5 of the Dungeon
  5348 | D:5      | Reached skill level 7 in Fighting
  5348 | D:5      | Reached skill level 7 in Maces & Flails
  5348 | D:5      | Reached skill level 2 in Conjurations
  5348 | D:5      | Reached skill level 2 in Hexes
  5348 | D:5      | Reached skill level 2 in Summonings
  5348 | D:5      | Reached skill level 2 in Necromancy
  5348 | D:5      | Reached skill level 2 in Translocations
  5348 | D:5      | Reached skill level 2 in Transmutations
  5348 | D:5      | Reached skill level 2 in Ice Magic
  5348 | D:5      | Reached skill level 2 in Air Magic
  5348 | D:5      | Reached skill level 2 in Earth Magic
  5348 | D:5      | Reached skill level 2 in Poison Magic
  5603 | D:4      | Reached skill level 3 in Invocations
  5641 | D:4      | Reached skill level 4 in Spellcasting
  5765 | D:5      | Reached skill level 6 in Fire Magic
  5765 | D:5      | Reached XP level 8. HP: 67/67 MP: 6/14
  6080 | D:4      | Reached skill level 3 in Short Blades
  6080 | D:4      | Reached skill level 3 in Long Blades
  6080 | D:4      | Reached skill level 3 in Axes
  6080 | D:4      | Reached skill level 3 in Polearms
  6080 | D:4      | Reached skill level 3 in Staves
  6080 | D:4      | Reached skill level 3 in Slings
  6080 | D:4      | Reached skill level 3 in Bows
  6080 | D:4      | Reached skill level 3 in Crossbows
  6080 | D:4      | Reached skill level 3 in Throwing
  6080 | D:4      | Reached skill level 3 in Armour
  6080 | D:4      | Reached skill level 3 in Dodging
  6080 | D:4      | Reached skill level 3 in Stealth
  6080 | D:4      | Reached skill level 3 in Shields
  6080 | D:4      | Reached skill level 3 in Unarmed Combat
  6080 | D:4      | Reached skill level 3 in Evocations
  6843 | D:6      | Found a shimmering altar of Xom.
  6850 | D:6      | Found a staircase to the Ecumenical Temple.
  7153 | D:6      | Reached skill level 3 in Conjurations
  7153 | D:6      | Reached skill level 3 in Hexes
  7153 | D:6      | Reached skill level 3 in Summonings
  7153 | D:6      | Reached skill level 3 in Necromancy
  7153 | D:6      | Reached skill level 3 in Translocations
  7153 | D:6      | Reached skill level 3 in Transmutations
  7153 | D:6      | Reached skill level 3 in Ice Magic
  7153 | D:6      | Reached skill level 3 in Air Magic
  7153 | D:6      | Reached skill level 3 in Earth Magic
  7153 | D:6      | Reached skill level 3 in Poison Magic
  7153 | D:6      | Reached skill level 4 in Invocations
  7234 | D:6      | Noticed Eustachio
  7333 | D:6      | Killed Eustachio
  7334 | D:6      | Reached XP level 9. HP: 72/72 MP: 1/16
  7574 | D:6      | Found Asky's Antique Armour Shop.
  7608 | D:6      | Found a snail-covered altar of Cheibriados.
  7961 | Temple   | Entered the Ecumenical Temple
  8403 | D:7      | Reached skill level 4 in Short Blades
  8403 | D:7      | Reached skill level 4 in Long Blades
  8403 | D:7      | Reached skill level 4 in Axes
  8403 | D:7      | Reached skill level 4 in Polearms
  8403 | D:7      | Reached skill level 4 in Staves
  8403 | D:7      | Reached skill level 4 in Slings
  8403 | D:7      | Reached skill level 4 in Bows
  8403 | D:7      | Reached skill level 4 in Crossbows
  8403 | D:7      | Reached skill level 4 in Throwing
  8403 | D:7      | Reached skill level 4 in Armour
  8403 | D:7      | Reached skill level 4 in Dodging
  8403 | D:7      | Reached skill level 4 in Stealth
  8403 | D:7      | Reached skill level 4 in Shields
  8403 | D:7      | Reached skill level 4 in Unarmed Combat
  8403 | D:7      | Reached skill level 4 in Evocations
  8554 | D:7      | Reached skill level 5 in Spellcasting
  8792 | D:7      | Found a stormy altar of Qazlal.
  8798 | D:7      | Found a blossoming altar of Fedhas.
  9331 | D:7      | Identified the +9 dagger of Accidental Termination
                  | {antimagic, rF+}
  9721 | D:7      | Reached skill level 8 in Fighting
  9721 | D:7      | Reached skill level 8 in Maces & Flails
  9850 | D:8      | Noticed Erica
  9882 | D:8      | Noticed a cyclops
  9896 | D:8      | Killed a cyclops
  9897 | D:8      | Reached skill level 5 in Invocations
  9950 | D:8      | Noticed Grum
 10253 | D:8      | Killed Grum
 10392 | D:8      | Reached XP level 10. HP: 80/80 MP: 13/18
 10404 | D:8      | Reached skill level 4 in Conjurations
 10404 | D:8      | Reached skill level 4 in Hexes
 10404 | D:8      | Reached skill level 4 in Summonings
 10404 | D:8      | Reached skill level 4 in Necromancy
 10404 | D:8      | Reached skill level 4 in Translocations
 10404 | D:8      | Reached skill level 4 in Transmutations
 10404 | D:8      | Reached skill level 4 in Ice Magic
 10404 | D:8      | Reached skill level 4 in Air Magic
 10404 | D:8      | Reached skill level 4 in Earth Magic
 10404 | D:8      | Reached skill level 4 in Poison Magic
 10835 | D:8      | Noticed Maurice
 10853 | D:8      | Killed Maurice
 10854 | D:8      | Reached skill level 5 in Short Blades
 10854 | D:8      | Reached skill level 5 in Long Blades
 10854 | D:8      | Reached skill level 5 in Axes
 10854 | D:8      | Reached skill level 5 in Polearms
 10854 | D:8      | Reached skill level 5 in Staves
 10854 | D:8      | Reached skill level 5 in Slings
 10854 | D:8      | Reached skill level 5 in Bows
 10854 | D:8      | Reached skill level 5 in Crossbows
 10854 | D:8      | Reached skill level 5 in Throwing
 10854 | D:8      | Reached skill level 5 in Armour
 10854 | D:8      | Reached skill level 5 in Dodging
 10854 | D:8      | Reached skill level 5 in Stealth
 10854 | D:8      | Reached skill level 5 in Shields
 10854 | D:8      | Reached skill level 5 in Unarmed Combat
 10854 | D:8      | Reached skill level 7 in Fire Magic
 10854 | D:8      | Reached skill level 5 in Evocations
 10924 | D:8      | Noticed Pikel
 11025 | D:8      | Killed Pikel
 11026 | D:8      | Reached skill level 6 in Spellcasting
 11201 | D:8      | Killed Erica
 11619 | D:9      | Noticed a cyclops
 11633 | D:9      | Mangled by a cyclops

Vanquished Creatures
  Erica (D:8)
  Pikel (D:8)
  A cyclops (D:8)
  Maurice (D:8)
  Eustachio (D:6)
  Grum (D:8)
  Edmund (D:3)
  A water moccasin (D:5)
  An orc warrior (D:7)
  A sky beast (D:7)
  An ice beast (D:6)
  4 ogres
  A necrophage (D:4)
  4 wolves
  2 lemures (D:8)
  2 phantoms
  2 bullfrogs
  A kobold brigand (D:7)
  4 scorpions
  A water moccasin skeleton (D:5)
  5 wights (D:8)
  4 howler monkeys
  2 centaur zombies
  A jelly (D:7)
  2 hounds (D:4)
  4 orc priests
  A bullfrog skeleton (D:6)
  2 iguanas
  An iron imp (D:6)
  4 orc wizards
  A killer bee zombie (D:6)
  6 gnolls
  3 adders
  A shadow imp (D:7)
  An adder skeleton (D:4)
  A worm (D:2)
  2 dart slugs
  22 orcs
  10 endoplasms
  2 giant cockroaches (D:1)
  11 goblins
  7 hobgoblins
  3 jackals (D:2)
  2 quokkas
  6 ball pythons
  4 bats
  2 frilled lizards (D:2)
  9 kobolds
  2 rats
153 creatures vanquished.
